Map: Ulrena

Players

pugwalker

  • Race: Terran Terran
  • League: Master

MillForGG (ForGG) - Winner!

  • Race: Terran Terran
  • League: Master

VOD

Have the link to the VOD?

Description

Time

  • Played on: Feb. 23, 2016, 5:03 p.m.
  • Length: 8:18
Show
View Real Time Build Order
Export as new Build Order

pugwalker Terran 

Build Orders: 1/1/1, Banshee Rush 

Get SALT Encoding   

  12  0:01  SCV  
  13  0:13  SCV  
  14  0:17  Supply Depot  
  14  0:25  SCV  
  15  0:30  Refinery  
  15  0:39  SCV  
  16  0:45  Barracks  
  16  0:51  SCV  
  16  0:56  Refinery  
  17  1:03  SCV  
  18  1:15  SCV  
  19  1:27  SCV  
  20  1:35  Reaper, Factory  
  21  1:41  Orbital Command  
  21  1:50  Supply Depot  
  21  2:07  Reaper, SCV  
  23  2:18  Starport  
  23  2:20  Hellion  
  25  2:24  SCV  
  26  2:30  Supply Depot  
  26  2:36  SCV  
  27  2:40  Reaper  
  28  2:48  SCV  
  29  2:56  Hellion  
  29  2:58  Starport Tech Lab  
  31  3:00  SCV  
  31  3:01  Supply Depot  
  32  3:12  Reaper, SCV  
  34  3:18  Banshee, Cloaking Field  
  36  3:24  Hellion, SCV  
  39  3:37  SCV  
  39  3:41  Supply Depot  
  40  3:49  Factory Tech Lab  
  40  3:53  Barracks Reactor  
  40  4:00  Command Center  
  37  4:33  Cyclone  
  37  4:34  Engineering Bay  
  37  4:43  Marine  
  37  4:44  Marine  
  36  4:46  SCV  
  35  4:54  Raven  
  35  4:58  SCV  
  32  5:01  Marine x2  
  32  5:05  Missile Turret  
  30  5:15  SCV  
  30  5:16  Orbital Command  
  31  5:26  Siege Tank  
  34  5:28  SCV  
  35  5:39  Orbital Command  
  35  5:40  SCV  
  36  5:54  SCV  
  37  5:59  Barracks  
  37  6:00  Barracks  
  37  6:01  Viking  
  37  6:02  Viking  
  41  6:05  SCV  
  42  6:11  Missile Turret  
  42  6:13  SCV  
  42  6:17  Stimpack  
  43  6:21  SCV  
  43  6:25  SCV  
  45  6:26  Siege Tank  
  48  6:36  SCV  
  48  6:37  Marine  
  48  6:38  Medivac  
  52  6:40  SCV  
  53  6:48  Barracks Reactor x2, SCV  
  53  6:51  Refinery  
  53  6:52  SCV  
  54  7:06  Marine  
  54  7:07  Medivac  
  57  7:13  SCV  
  57  7:14  SCV  
  59  7:20  Barracks  
  59  7:21  Command Center, Barracks  
  59  7:24  Marine  
  59  7:25  SCV, Refinery  
  60  7:35  Marine x4  
  64  7:38  SCV  
  64  7:41  SCV  
  64  7:42  Marine  
  67  7:44  Siege Tank  
  70  7:56  Marine  
  48  8:10  Barracks Reactor  
  48  8:11  Barracks Reactor  
Show
View Real Time Build Order
Export as new Build Order

MillForGG Terran - Winner!

Build Orders: 1/1/1, MMM Bio 

Get SALT Encoding   

  12  0:01  SCV  
  13  0:13  SCV  
  14  0:17  Supply Depot  
  14  0:25  SCV  
  15  0:28  Refinery  
  15  0:39  SCV  
  16  0:46  Barracks  
  16  0:51  SCV  
  17  1:03  SCV  
  18  1:15  SCV  
  19  1:29  Refinery  
  20  1:33  Orbital Command  
  20  1:34  Factory, Marine  
  20  1:40  Supply Depot  
  20  1:53  Barracks Tech Lab  
  20  1:59  SCV  
  21  2:11  SCV  
  22  2:18  Starport, Marine  
  22  2:19  Hellion  
  25  2:24  SCV  
  25  2:27  Supply Depot  
  26  2:36  SCV  
  27  2:41  Barracks Reactor  
  27  2:42  Hellion  
  29  2:48  SCV  
  30  2:58  Raven  
  32  3:03  Factory Tech Lab  
  32  3:07  Supply Depot  
  32  3:18  Marine x2  
  33  3:23  Cyclone  
  35  3:36  Marine x2  
  37  3:43  Banshee  
  40  3:50  Command Center  
  40  3:59  Marine x2  
  42  4:05  Supply Depot  
  42  4:09  SCV  
  35  4:18  Marine x2  
  35  4:27  SCV  
  36  4:34  Siege Tank  
  39  4:41  Starport Reactor  
  39  4:45  SCV  
  38  4:53  Barracks  
  38  4:55  Marine  
  38  4:56  Barracks  
  38  4:58  Stimpack  
  39  5:04  SCV  
  40  5:13  Marine  
  38  5:18  SCV  
  39  5:30  SCV, Starport Reactor  
  39  5:31  Marine  
  39  5:33  Siege Tank  
  44  5:42  SCV  
  45  5:50  Marine x4  
  45  5:51  Marine  
  45  5:54  SCV  
  51  6:05  Engineering Bay, Siege Tank  
  51  6:08  Orbital Command  
  51  6:10  SCV  
  55  6:17  Medivac  
  55  6:18  Medivac  
  59  6:24  SCV  
  60  6:32  Orbital Command  
  60  6:34  Marine x3  
  60  6:35  Marine x2  
  65  6:58  Combat Shields  
  60  7:09  Marine x3  
  60  7:10  Marine x2  
  65  7:27  Marine x4  
  65  7:28  Marine  
  65  7:36  SCV x2  
  67  7:45  Marine x3  
  67  7:50  Marine x2  
Tags
 
Composition
MMM Bio
Matchup
TvT
Opening
1/1/11/1/1
Player
ForGG
Race
Terran
Strategy
Banshee Rush
Add a new tag
Caveats
  • Supply blocks, unpowered buildings, or Contaminate may cause inaccurate times.
  • Supply counts are checked every 10 seconds.